 Dungeon Crawl Stone Soup version 0.27-a0-1347-gd8886f0a89 (webtiles) character file.

Game seed: 3933189121892803800

88 bilbop the Caller (level 4, -1/25 HPs)
             Began as a Deep Elf Summoner on June 27, 2021.
             Slain by Menkaure (15 damage)
             ... on level 4 of the Dungeon on June 28, 2021.
             The game lasted 00:16:01 (4096 turns).

bilbop the Caller (Deep Elf Summoner)               Turns: 4096, Time: 00:16:02

Health: -1/25      AC:  2    Str:  5    XL:     4   Next: 30%
Magic:  6/11       EV: 13    Int: 20    God:
Gold:   162        SH:  0    Dex: 16    Spells: 7/10 levels left

rFire    . . .     SeeInvis .   a - +1 dagger (drain)
rCold    . . .     Faith    .   (no shield)
rNeg     . . .     Spirit   .   e - +0 robe
rPois    .         Reflect  .   (no helmet)
rElec    .         Harm     .   (no cloak)
rCorr    .         Rampage  .   (no gloves)
Will     .....                  (no boots)
Stlth    ++........             (no amulet)
HPRegen  0.08/turn              (no ring)
MPRegen  0.12/turn              (no ring)

@: no status effects
A: no striking features
a: no special abilities


You were on level 4 of the Dungeon.
You visited 1 branch of the dungeon, and saw 4 of its levels.

You collected 162 gold pieces.

Inventory:

Hand Weapons
 a - a +1 dagger of draining (weapon)
 b - a +1 hunting sling of flaming
 c - a +0 short sword
 o - a +0 dagger
Missiles
 k - a throwing net
 r - 9 sling bullets
Armour
 e - a +0 robe (worn)
Jewellery
 l - a ring of ice
Wands
 m - a wand of charming (10)
Scrolls
 f - 2 scrolls of identify {unknown}
 g - a scroll of enchant weapon {unknown}
 q - 2 scrolls of silence {unknown}
Potions
 d - 3 potions of cancellation {unknown}
 h - a potion of lignification {unknown}
 i - 2 potions of attraction {unknown}
 j - a potion of flight {unknown}
 n - a potion of ambrosia {unknown}
 p - 2 potions of curing {unknown}


   Skills:
 + Level 1.0 Fighting
 + Level 1.7 Short Blades
 + Level 0.1 Slings
 + Level 3.0 Dodging
 + Level 3.3 Stealth
 + Level 3.6 Spellcasting
 + Level 4.7 Summonings


You had 7 spell levels left.
You knew the following spells:

 Your Spells              Type           Power      Damage    Failure   Level
a - Summon Small Mammal   Summ           88%        N/A       1%          1
b - Call Imp              Summ           22%        N/A       3%          2

Your spell library contained the following spells:

 Spells                   Type           Power      Damage    Failure   Level
 Call Canine Familiar     Summ           22%        N/A       6%          3
 Animate Skeleton         Necr           6%         N/A       14%         1
 Apportation              Tloc           6%         N/A       14%         1
 Corona                   Hex            3%         N/A       14%         1
 Summon Guardian Golem    Hex/Summ       13%        N/A       16%         3
 Summon Ice Beast         Ice/Summ       13%        N/A       45%         4
 Summon Lightning Spire   Summ/Air       13%        N/A       45%         4


Dungeon Overview and Level Annotations

Branches:
Dungeon (4/15)
 Temple: D:4-7

Altars:
Trog

Annotations:
D:4 Ijyb, Menkaure


Message History

Ijyb shouts!
You climb upwards.
There is a stone staircase leading down here.
There is a stone staircase leading down here.
You climb downwards.
Level annotation: Ijyb
There is a stone staircase leading up here.
Menkaure, Prince of Dust comes into view.
Casting: Call Imp (safe; 3% risk of failure)
Confirm with . or Enter, or press ? or * to list all spells.
A beastly little devil appears in a puff of flame.
Casting: Call Imp (safe; 3% risk of failure)
Confirm with . or Enter, or press ? or * to list all spells.
A beastly little devil appears in a puff of flame.
Casting: Call Imp (safe; 3% risk of failure)
Confirm with . or Enter, or press ? or * to list all spells.
A shadowy apparition takes form in the air.
Casting: Call Imp (safe; 3% risk of failure)
Confirm with . or Enter, or press ? or * to list all spells.
Okay, then.
You swap places.
Your crimson imp blinks!
You hit Menkaure.
Menkaure is lightly damaged.
You hit Menkaure.
Menkaure is lightly damaged.
Your shadow imp hits Menkaure.
Menkaure closely misses you.
You hit Menkaure.
Menkaure is moderately damaged.
Your shadow imp hits Menkaure but does no damage.
Menkaure calls on the powers of darkness!
Your body is wracked with pain!
You barely miss Menkaure.
Menkaure is moderately damaged.
Your shadow imp closely misses Menkaure.
You barely miss Menkaure.
Menkaure is moderately damaged.
Your shadow imp hits Menkaure.
Menkaure hits you!
Ouch! That really hurt!
You die...

. . #.
.#
#####.#
#..<#.#
#.###M#
#.55@5#
#######


You could see Menkaure (ally target), 2 friendly crimson imps and a friendly
shadow imp (summoned).

Vanquished Creatures
  An adder (D:2)
  2 orcs
  2 endoplasms (D:3)
  3 goblins
  A hobgoblin (D:2)
  3 jackals
  2 kobolds
  2 quokkas
  3 bats
  A frilled lizard (D:2)
20 creatures vanquished.

Vanquished Creatures (collateral kills)
  An orc priest (D:2)
  A gnoll (D:1)
  An adder (D:2)
  2 worms (D:2)
  A dart slug (D:2)
  3 orcs
  6 ball pythons
  8 endoplasms
  A giant cockroach (D:2)
  2 goblins (D:1)
  3 hobgoblins (D:2)
  4 jackals
  2 kobolds (D:1)
  A frilled lizard (D:1)
  2 rats
38 creatures vanquished.

Vanquished Creatures (others)
  A kobold (D:3)
  A rat (D:1)
2 creatures vanquished.

Grand Total: 60 creatures vanquished

Notes
Turn   | Place    | Note
-------+----------+-------------------------------------------
     0 | D:1      | bilbop the Deep Elf Summoner began the quest for the Orb.
     0 | D:1      | Reached XP level 1. HP: 10/10 MP: 6/6
   538 | D:1      | Reached XP level 2. HP: 15/15 MP: 2/8
   612 | D:1      | Found a faded altar of an unknown god.
  1725 | D:2      | Reached skill level 1 in Short Blades
  1732 | D:2      | Reached XP level 3. HP: 15/20 MP: 4/9
  1812 | D:2      | Learned a level 2 spell: Call Imp
  2540 | D:2      | Reached XP level 4. HP: 24/24 MP: 11/11
  2792 | D:3      | Found a bloodstained altar of Trog.
  2972 | D:3      | Reached skill level 1 in Fighting
  4057 | D:4      | Noticed Ijyb
  4057 | D:4      | Noticed a black bear
  4086 | D:4      | Noticed Menkaure
  4096 | D:4      | Slain by Menkaure

Illustrated notes

Levels and vault maps discovered:
D:1:      dpeg_chamrin_arrival_tetris, layout_loops_corners,
          ebering_ecumenical_altar_rust
D:2:      layout_loops_ring, patterned_corridor
D:3:      layout_loops_ring, amcnicky_altar_gilded, minivault_11, minivault_19,
          lemuel_old_faithful
D:4:      layout_basic, lemuel_coloured_pillars_altar, uniq_ijyb, uniq_menkaure

Skill      XL: |  1  2  3  4 |
---------------+-------------+-----
Stealth        | 3 |  3.3
Short Blades   | 1 |  1.7
Dodging        | 3 |  3.0
Fighting       | 1 |  1.0
Slings         | |  0.1
Spellcasting   | |  3.6
Summonings     | |  4.7

Action                   |  1- 3 |  4- 6 || total
-------------------------+-------+-------++-------
Melee: Short sword       |     1 |       ||     1
       Unarmed           |     1 |       ||     1
       Dagger            |    46 |    37 ||    83
 Cast: Summon Small Mamm |    51 |       ||    51
       Call Imp          |    12 |    14 ||    26
 Stab: Sleeping          |     3 |     2 ||     5
Armor: Robe              |    10 |     5 ||    15
Dodge: Dodged            |    42 |    34 ||    76

Table legend: (Time is in decaauts)
 A = Elapsed time spent in this place.
 B = Non-inter-level travel time spent in this place.
 C = Inter-level travel time spent in this place.
 D = Time resting spent in this place.
 E = Time spent auto-exploring this place.
 F = Levels seen in this place.
 G = Mean time per level.
                   A        B        C        D        E       F      G
               +--------+--------+--------+--------+--------+-----+--------+
         Total |   4091 |   3803 |    288 |    525 |   2754 |   4 | 1022.8 |
       Dungeon |   4091 |   3803 |    288 |    525 |   2754 |   4 | 1022.8 |
               +--------+--------+--------+--------+--------+-----+--------+

Top non-repeatable levels by time:
     D:1: 1431 daAuts
     D:2: 1340 daAuts
     D:3: 1302 daAuts
     D:4: 17 daAuts
